Map: [TLMC15] Hardwire

Players

Serral

  • Race: Zerg Zerg
  • League: Master

LiquidClem (Clem) - Winner!

  • Race: Terran Terran
  • League: Master

Event: StayAtHome Story Cup #4

VOD

Have the link to the VOD?

Description

Time

  • Played on: Oct. 24, 2021, 12:44 p.m.
  • Length: 12:15

All games in this series

Show
View Real Time Build Order
Export as new Build Order

Serral Zerg 

Build Orders: Hatch First 

Get SALT Encoding   

  12  0:00  Drone  
  13  0:12  Overlord  
  13  0:17  Drone  
  14  0:30  Drone x2  
  16  0:48  Hatchery  
  15  0:51  Drone  
  15  0:54  Drone  
  17  0:57  Drone  
  18  1:08  Extractor  
  17  1:12  Spawning Pool  
  17  1:16  Drone  
  17  1:19  Drone  
  18  1:27  Drone  
  19  1:38  Drone  
  20  1:49  Drone  
  21  1:59  Queen x2  
  21  2:00  Zergling x4  
  27  2:11  Drone, Overlord  
  28  2:21  Hatchery  
  27  2:26  Drone  
  27  2:29  Drone  
  29  2:32  Drone x2  
  31  2:37  Metabolic Boost  
  31  2:45  Queen  
  31  2:49  Overlord  
  33  2:52  Drone  
  33  2:54  Drone  
  33  2:56  Drone  
  36  3:08  Drone x2  
  36  3:09  Drone x3  
  41  3:14  Roach Warren  
  41  3:16  Drone  
  41  3:19  Drone  
  42  3:24  Queen  
  44  3:27  Overlord  
  44  3:33  Queen  
  46  3:35  Drone  
  46  3:36  Drone  
  46  3:39  Overlord  
  48  3:43  Drone x2  
  50  3:50  Overlord  
  50  3:54  Drone  
  51  3:59  Roach x2  
  51  4:00  Roach x3  
  61  4:05  Drone x2  
  61  4:06  Drone  
  64  4:10  Extractor  
  64  4:13  Drone x2  
  64  4:15  Overlord  
  65  4:19  Drone x4  
  65  4:20  Extractor  
  68  4:29  Spore Crawler, Drone  
  68  4:30  Drone, Roach  
  68  4:31  Roach  
  73  4:39  Roach x2  
  73  4:40  Roach x2  
  81  4:46  Spore Crawler, Drone x2  
  81  4:50  Overlord x2  
  82  4:54  Lair  
  82  4:55  Overlord  
  82  5:02  Overlord  
  82  5:06  Overlord  
  82  5:12  Roach  
  82  5:13  Roach x3  
  90  5:14  Overlord  
  90  5:17  Drone  
  90  5:18  Drone x2  
  93  5:21  Roach x3  
  99  5:28  Drone x4  
  99  5:29  Drone  
  99  5:32  Drone  
  105  5:35  Overlord  
  105  5:43  Extractor  
  105  5:44  Drone x3  
  105  5:45  Drone, Evolution Chamber, Extractor  
  105  5:46  Evolution Chamber  
  105  5:49  Spore Crawler  
  104  5:51  Drone, Extractor  
  104  5:52  Drone x2  
  104  5:54  Glial Reconstitution  
  106  6:03  Roach x3  
  112  6:09  Drone  
  113  6:12  Zerg Missile Weapons Level 1, Zerg Ground Armor Level 1  
  113  6:14  Overlord  
  113  6:15  Drone x4  
  113  6:16  Drone  
  117  6:26  Drone x2  
  117  6:27  Roach x4  
  117  6:28  Overseer  
  127  6:34  Overlord x2  
  127  6:39  Roach x3  
  133  6:42  Overlord  
  133  6:43  Overlord  
  133  6:47  Roach x2  
  133  6:52  Drone  
  138  6:57  Roach  
  138  6:58  Hatchery, Roach  
  138  7:01  Roach x2  
  143  7:05  Roach x2  
  149  7:09  Roach  
  149  7:10  Roach x2  
  154  7:20  Drone  
  154  7:21  Ravager x8  
  167  7:22  Roach  
  167  7:23  Roach  
  167  7:24  Overlord  
  167  7:26  Overlord  
  167  7:28  Overlord  
  167  7:29  Hatchery  
  166  7:31  Overlord  
  166  7:35  Roach  
  168  7:38  Ravager  
  168  7:40  Overlord  
  168  7:43  Roach x4  
  177  7:46  Roach x3  
  177  7:50  Roach  
  177  7:51  Roach x2  
  186  7:53  Ravager x2  
  186  7:55  Roach x2  
  192  8:02  Roach x3  
  137  8:20  Roach  
  137  8:21  Roach x8  
  129  8:29  Roach x8  
  145  8:38  Zergling x8, Ravager x2  
  151  8:42  Queen  
  151  8:44  Roach x3  
  151  8:47  Ravager  
  162  8:48  Roach  
  162  8:53  Roach x3  
  168  8:56  Roach  
  168  9:01  Roach x4  
  178  9:07  Extractor x2  
  178  9:09  Zerg Missile Weapons Level 2  
  176  9:16  Roach x5, Zergling x6  
  180  9:22  Roach x2  
  180  9:23  Roach  
  180  9:24  Roach  
  165  9:30  Zergling x12  
  159  9:36  Zerg Ground Armor Level 2  
  153  9:42  Drone x3  
  153  9:43  Drone x3  
  159  9:47  Drone  
  159  9:48  Infestation Pit, Drone x2  
  159  9:52  Ravager x2  
  162  9:54  Roach  
  162  9:55  Roach  
  162  9:59  Drone  
  168  10:04  Roach x2  
  168  10:05  Roach, Zergling x6  
  177  10:13  Zergling x6  
  177  10:14  Zergling x10  
  185  10:26  Hatchery  
  184  10:28  Infestor x2  
  184  10:31  Hive  
  184  10:32  Hydralisk Den  
  184  10:35  Infestor  
  189  10:39  Roach x4  
  197  10:43  Drone x2  
  197  10:47  Spore Crawler  
  194  10:57  Roach x3  
  199  11:05  Lurker Den  
  197  11:14  Zergling x2  
  197  11:15  Zergling x20  
  189  11:19  Roach  
  189  11:20  Roach x3  
  189  11:21  Roach x2, Zergling x2  
  189  11:22  Zergling x2  
  189  11:24  Hatchery  
  192  11:27  Roach x3  
  189  11:40  Roach x6  
  189  11:46  Extractor, Ravager  
  191  11:49  Extractor  
  174  11:55  Roach x5, Zergling x6  
Show
View Real Time Build Order
Export as new Build Order

LiquidClem Terran - Winner!

Build Orders:  

Get SALT Encoding   

  12  0:00  SCV  
  13  0:12  SCV  
  14  0:17  Supply Depot  
  14  0:24  SCV  
  15  0:39  SCV  
  15  0:41  Barracks  
  16  0:43  Refinery  
  16  0:51  SCV  
  17  1:03  SCV  
  18  1:15  SCV  
  19  1:28  Marine, Orbital Command  
  20  1:39  Command Center  
  20  1:46  Barracks Reactor  
  20  1:53  Supply Depot  
  21  1:54  SCV  
  21  2:03  Barracks  
  21  2:06  SCV  
  22  2:15  Factory  
  22  2:20  SCV  
  23  2:23  Marine x2  
  25  2:32  SCV  
  26  2:41  Marine x2  
  29  2:44  SCV  
  29  2:52  Barracks Tech Lab, Orbital Command  
  29  2:56  SCV  
  30  2:59  Marine x2  
  30  3:01  Starport  
  32  3:08  SCV, Refinery  
  32  3:10  Refinery  
  33  3:13  Marine  
  33  3:14  Factory Reactor  
  33  3:17  SCV  
  35  3:20  SCV  
  35  3:25  Supply Depot  
  36  3:27  Marine x2  
  36  3:30  SCV  
  36  3:33  SCV  
  40  3:36  Marine  
  40  3:39  Stimpack  
  41  3:42  SCV  
  41  3:45  SCV  
  43  3:49  Marine x2  
  43  3:51  Medivac  
  43  3:54  SCV  
  48  3:56  Supply Depot  
  48  3:59  Marine  
  48  4:00  Widow Mine  
  51  4:03  Widow Mine  
  51  4:05  SCV  
  54  4:13  Armory  
  54  4:18  SCV  
  54  4:19  Supply Depot, SCV  
  54  4:22  Marine x3  
  59  4:27  Medivac  
  59  4:30  SCV  
  62  4:41  SCV, Medivac  
  62  4:42  Supply Depot  
  62  4:44  SCV  
  66  4:45  Factory Reactor  
  66  4:53  Command Center  
  66  4:59  SCV x2  
  68  5:01  Marine  
  68  5:03  Marine x2  
  68  5:05  Supply Depot  
  71  5:10  Barracks  
  71  5:11  Supply Depot  
  71  5:12  SCV  
  72  5:14  SCV  
  72  5:20  Marine  
  73  5:24  SCV  
  73  5:25  Medivac  
  78  5:32  Marine, Medivac  
  78  5:33  Supply Depot, SCV  
  78  5:38  SCV  
  78  5:43  Refinery, Engineering Bay  
  78  5:44  Engineering Bay  
  78  5:45  Siege Tank  
  78  5:46  Marine  
  78  5:48  Marine  
  78  5:49  Marine  
  82  5:51  SCV  
  82  5:53  SCV  
  82  5:54  Marine  
  85  5:58  Supply Depot  
  85  5:59  Barracks Tech Lab  
  85  6:03  SCV  
  86  6:04  Marine  
  86  6:06  SCV  
  86  6:08  Marine x2  
  90  6:15  SCV  
  90  6:17  Marine, Combat Shield  
  90  6:18  Marauder  
  94  6:22  Siege Tank  
  94  6:24  SCV  
  98  6:26  Marine x2  
  98  6:29  SCV  
  101  6:33  Orbital Command  
  101  6:37  SCV  
  101  6:38  Marine x2  
  104  6:41  Terran Infantry Weapons Level 1  
  104  6:42  Terran Infantry Armor Level 1  
  104  6:44  SCV  
  104  6:45  Marine  
  104  6:46  Marine  
  107  6:47  Marine  
  107  6:53  Supply Depot  
  109  6:54  SCV  
  109  6:56  SCV  
  109  6:57  Siege Tank  
  109  6:59  SCV, Marine  
  109  7:00  Marine  
  116  7:10  Barracks, Marine x2  
  116  7:13  Barracks, Marine  
  119  7:18  SCV x2  
  119  7:20  Supply Depot x2, SCV  
  119  7:22  Medivac  
  122  7:23  Medivac  
  122  7:27  Marine  
  125  7:30  SCV  
  125  7:32  Marine  
  125  7:33  Supply Depot, Marine, Marauder  
  125  7:35  Siege Tank  
  133  7:40  Concussive Shells  
  133  7:41  SCV x2, Marine  
  133  7:43  Supply Depot  
  136  7:46  Marine  
  137  7:53  Marine x2  
  137  7:54  Marauder  
  137  7:56  Bunker  
  137  7:57  Bunker  
  137  7:58  Medivac x2  
  146  7:59  Marine  
  146  8:00  Barracks Reactor, Barracks Tech Lab  
  146  8:04  Supply Depot  
  146  8:06  Marine  
  146  8:07  Supply Depot  
  146  8:11  Marine x2, Siege Tank  
  140  8:15  SCV  
  140  8:16  Marauder  
  140  8:17  Marine  
  140  8:18  SCV, Marine  
  125  8:23  SCV  
  125  8:24  Marine  
  119  8:29  Marine x2  
  119  8:30  Factory  
  119  8:31  Refinery  
  121  8:35  Marine  
  121  8:36  Terran Vehicle Weapons Level 1, Marauder, Marine  
  121  8:37  Marine  
  121  8:38  Marine  
  127  8:42  Marine  
  127  8:45  Terran Infantry Weapons Level 2  
  127  8:47  Marine  
  129  8:49  Terran Infantry Armor Level 2  
  129  8:50  Marine  
  129  8:55  Marauder  
  132  8:58  Marauder  
  132  9:00  Marine x2, Command Center  
  132  9:01  Marine x2  
  137  9:04  Marine, Siege Tank  
  137  9:08  Marine  
  142  9:16  Marauder  
  132  9:18  Marine  
  132  9:19  Marauder  
  132  9:21  Marine  
  132  9:23  Factory Tech Lab  
  123  9:25  Marine x2  
  123  9:26  Marine x2  
  126  9:36  Marine, Command Center  
  126  9:38  Marauder  
  129  9:40  Marauder  
  129  9:42  Siege Tank  
  129  9:44  Marine, Siege Tank  
  129  9:45  Refinery, Marine x3  
  139  9:49  Marine  
  139  9:50  Supply Depot  
  142  9:54  Marine  
  142  9:59  Marauder  
  145  10:00  SCV  
  145  10:02  Marine  
  145  10:03  Barracks x3, SCV  
  148  10:08  Marine x4  
  148  10:09  Marauder  
  148  10:12  Marine  
  148  10:13  Supply Depot x2  
  155  10:14  Siege Tank  
  155  10:16  Siege Tank  
  155  10:20  Marine, Marauder  
  164  10:22  Sensor Tower  
  164  10:25  Marine  
  164  10:26  Marine x3, Medivac  
  164  10:27  Medivac  
  172  10:29  Supply Depot  
  172  10:32  Marine  
  172  10:34  Marauder  
  173  10:43  Marine x2, Marauder  
  173  10:46  Siege Tank  
  173  10:48  SCV, Siege Tank  
  173  10:49  SCV, Sensor Tower  
  183  11:00  Barracks Reactor, Barracks Tech Lab  
  183  11:01  Barracks Tech Lab, Marine x2  
  185  11:04  Marine  
  186  11:14  Marine, Command Center  
  186  11:17  Planetary Fortress  
  176  11:18  Marine, Siege Tank  
  176  11:20  SCV  
  176  11:21  SCV  
  176  11:23  Marine x2, Siege Tank  
  176  11:25  Marine x2  
  185  11:27  Marauder  
  183  11:33  Marauder x2  
  183  11:38  Marine x3  
  183  11:39  Marauder  
  189  11:43  Refinery  
  189  11:44  SCV x2, Refinery  
  189  11:45  SCV  
  192  11:47  Marine x2  
  192  11:48  Marauder  
  192  11:54  Marine x2  
  178  11:56  SCV, Marine  
Tags
 
Add a new tag
Caveats
  • Supply blocks, unpowered buildings, or Contaminate may cause inaccurate times.
  • Supply counts are checked every 10 seconds.